 Dungeon Crawl Stone Soup version 0.31-a0-986-g5e6e4ef867 (webtiles) character file.

Game seed: 5690405545282821583

77 Demosthentine the Ducker (level 4, 0/34 HPs)
             Began as a Demonspawn Gladiator on Nov 8, 2023.
             Succumbed to Crazy Yiuf's poison
             ... on level 2 of the Dungeon.
             The game lasted 00:01:21 (2150 turns).

Demosthentine the Ducker (Demonspawn Gladiator)     Turns: 2150, Time: 00:01:22

Health: 0/34       AC:  4    Str: 16    XL:     4   Next: 14%
Magic:  4/4        EV: 12    Int:  9    God:
Gold:   37         SH:  0    Dex: 15    Spells: 3/3 levels left

rFire   . . .        a - +0 trident
rCold   . . .        (no shield)
rNeg    . . .        b - +0 leather armour
rPois   .            c - +0 helmet
rElec   .            (no cloak)
rCorr   .            (no gloves)
SInv    .            (no boots)
Will    .....        (no amulet)
Stlth   +            (no ring)
HPRegen 0.25/turn    (no ring)
MPRegen 0.09/turn

%: no passive effects
@: lethally poisoned (0 -> -7), hasted, very quick
A: ignite blood 1
a: no special abilities


You were on level 2 of the Dungeon.
You visited 1 branch of the dungeon, and saw 2 of its levels.

You collected 37 gold pieces.

Inventory:

Hand Weapons
 a - a +0 trident (weapon)
Missiles
 e - a javelin
Armour
 b - a +0 leather armour (worn)
 c - a +0 helmet (worn)
Scrolls
 h - a scroll of fog {unknown}
Potions
 g - a potion of mutation {unknown}


   Skills:
 + Level 2.8 Fighting
 + Level 3.2 Polearms
 - Level 1.7 Throwing
 + Level 1.5 Armour
 + Level 3.2 Dodging


You had 3 spell levels left.
You didn't know any spells.
Your spell library contained the following spells:

 Spells                   Type           Power      Damage    Failure   Level
 Kiss of Death            Conj/Necr      0%         2d5       45%         1
 Confusing Touch          Hex            0%         N/A       83%         3
 Dispel Undead            Necr           0%         3d6       99%         4


Dungeon Overview and Level Annotations

Branches:
Dungeon (2/15)

Altars:

Annotations:
D:2 Crazy Yiuf


Innate Abilities, Weirdness & Mutations

Your demonic aura sometimes causes spilled blood to erupt in flames.


Message History

Crazy Yiuf hits you with a +2 quarterstaff of chaos!
You are poisoned.
Throw: throwing net
Press: ? - help, Q - select action, (/) - cycle Shift-Dir - straight line, f/p - Crazy Yiuf
Aim: Crazy Yiuf, wielding a +2 quarterstaff of chaos and wearing a +2 cloak of willpower (60% to hit)
You throw a throwing net. The throwing net hits Crazy Yiuf.
Crazy Yiuf is caught in the net!
You feel very sick.
Crazy Yiuf struggles against the net.
You hit Crazy Yiuf but do no damage.
You feel very sick.
Crazy Yiuf struggles against the net.
You hit Crazy Yiuf but do no damage.
You feel sick.
Crazy Yiuf struggles against the net.
You hit Crazy Yiuf.
Crazy Yiuf is moderately wounded.
You feel sick.
Crazy Yiuf struggles against the net.
You puncture Crazy Yiuf!
Crazy Yiuf is severely wounded.
You feel sick.
Crazy Yiuf struggles against the net.
The net rips apart, and Crazy Yiuf comes free!
Crazy Yiuf closely misses you.
You feel better. Crazy Yiuf closely misses you.
You hit Crazy Yiuf but do no damage.
Crazy Yiuf is heavily wounded.
Crazy Yiuf barely misses you.
You hit Crazy Yiuf.
Crazy Yiuf is severely wounded.
Crazy Yiuf says, "Millenium senile mobile!"
Crazy Yiuf hits you with a +2 quarterstaff of chaos!
You are poisoned.
You barely miss Crazy Yiuf.
Crazy Yiuf is severely wounded.
You feel very sick.
Crazy Yiuf hits you with a +2 quarterstaff of chaos!
* * * LOW HITPOINT WARNING * * *
You feel yourself speed up.
You hit Crazy Yiuf but do no damage.
Crazy Yiuf is severely wounded.
You die...

##########.###....####...>######.
...........# #....# #....#......
############ ♣.PPP♣ #....#.#####
♣...♣♣ ######...... ♣♣.♣♣
#.....#### ♣.♣♣ #.###.# ♣♣.♣ #.#
#.# ♣.♣♣ #.# #.# ♣♣@♣ #.# #.# #g#
###.###.# ... #.......# #...#
###.##### #.()# #...# ##### #####


You could see Crazy Yiuf.

Vanquished Creatures
  Terence (D:2)
  An adder (D:2)
  A worm (D:2)
  A dart slug (D:1)
  An endoplasm (D:1)
  7 goblins
  5 hobgoblins (D:1)
  3 kobolds
  3 quokkas (D:1)
  2 ball pythons
  5 bats (D:1)
  2 frilled lizards (D:1)
  4 rats
36 creatures vanquished.

Notes
Turn   | Place    | Note
-------+----------+-------------------------------------------
     0 | D:1      | Demosthentine the Demonspawn Gladiator began the quest for
                  | the Orb.
     0 | D:1      | Reached XP level 1. HP: 16/16 MP: 1/1
    70 | D:1      | Gained mutation: Your demonic aura sometimes causes spilled
                  | blood to erupt in flames. [demonic ancestry]
    70 | D:1      | Reached XP level 2. HP: 22/22 MP: 2/2
   290 | D:1      | Reached skill level 1 in Armour
   398 | D:1      | Reached XP level 3. HP: 28/28 MP: 3/3
  1137 | D:2      | Found a runed translucent door.
  1138 | D:2      | Noticed Crazy Yiuf
  1309 | D:2      | Noticed Terence
  1324 | D:2      | Killed Terence
  1566 | D:2      | Reached XP level 4. HP: 29/34 MP: 4/4
  2150 | D:2      | Succumbed to Crazy Yiuf's poison

Illustrated notes

Levels and vault maps discovered:
D:1:      minmay_arrival_radiant_lines, layout_basic, minmay_crystal_water,
          minmay_surrounded
D:2:      layout_basic, uniq_terence, uniq_crazy_yiuf_cottage

Skill      XL: |  1  2 |
---------------+-------+-----
Dodging        | 3 |  3.2
Polearms       | 3 |  3.2
Armour         | 1 |  1.5
Fighting       | |  2.8
Throwing       | |  1.7

Action                     |  1- 3 |  4- 6 || total
---------------------------+-------+-------++-------
  Melee: Trident           |   145 |    11 ||   156
  Throw: Throwing net      |     1 |     2 ||     3
    Use: Scroll            |     4 |       ||     4
         Potion            |       |     1 ||     1
   Stab: Sleeping          |     3 |       ||     3
         Distracted        |     1 |       ||     1
 Armour: Leather armour    |    64 |     4 ||    68
  Dodge: Dodged            |    79 |     6 ||    85

Table legend: (Time is in decaauts)
 A = Elapsed time spent in this place.
 B = Non-inter-level travel time spent in this place.
 C = Inter-level travel time spent in this place.
 D = Time resting spent in this place.
 E = Time spent auto-exploring this place.
 F = Levels seen in this place.
 G = Mean time per level.
                   A        B        C        D        E       F      G
               +--------+--------+--------+--------+--------+-----+--------+
         Total |   2173 |   2156 |     17 |      0 |   1840 |   2 | 1086.5 |
       Dungeon |   2173 |   2156 |     17 |      0 |   1840 |   2 | 1086.5 |
               +--------+--------+--------+--------+--------+-----+--------+

Top non-repeatable levels by time:
     D:2: 1108 daAuts
     D:1: 1065 daAuts
